 Dungeon Crawl Stone Soup version 0.31-a0-232-gb1c03b2570 (webtiles) character file.

Game seed: 11766819095134918988

758 qw the Skirmisher (level 7, -4/59 HPs)
             Began as a Minotaur Hexslinger on July 7, 2023.
             Slain by an ogre
             ... wielding a +0 giant spiked club
              (19 damage)
             ... on level 5 of the Dungeon.
             The game lasted 00:01:19 (3475 turns).

qw the Skirmisher (Minotaur Hexslinger)             Turns: 3475, Time: 00:01:20

Health: -4/59      AC:  8    Str: 16    XL:     7   Next: 50%
Magic:  7/7        EV: 11    Int: 10    God:
Gold:   144        SH:  5    Dex: 15    Spells: 7/8 levels left

rFire   . . .        c - +1 sling (heavy)
rCold   . . .        (no shield)
rNeg    . . .        e - +0 ring mail
rPois   .            (helmet restricted)
rElec   .            f - +2 cloak of Qogaul {Rampage Str+4}
rCorr   .            (no gloves)
SInv    .            (no boots)
Will    .....        h - amulet of reflection
Stlth   +            (no ring)
HPRegen 0.29/turn    (no ring)
MPRegen 0.10/turn

%: reflection, rampage
@: no status effects
A: horns 2, retaliatory headbutt
a: no special abilities


You were on level 5 of the Dungeon.
You visited 1 branch of the dungeon, and saw 5 of its levels.

You collected 144 gold pieces.


Innate Abilities, Weirdness & Mutations

You have a pair of horns on your head.
You reflexively headbutt those who attack you in melee.


   Skills:
 + Level 4.2 Fighting
 - Level 8.3 Ranged Weapons
 - Level 2.0 Armour
 - Level 2.1 Dodging
 - Level 1.0 Spellcasting
 - Level 2.0 Hexes


You had 7 spell levels left.
You knew the following spells:

 Your Spells              Type           Power      Damage    Failure   Level
a - Slow                  Hex            16%        N/A       28%         1

Your spell library contained the following spells:

 Spells                   Type           Power      Damage    Failure   Level
 Inner Flame              Hex/Fire       2%         N/A       77%         3
 Portal Projectile        Hex/Tloc       4%         N/A       77%         3
 Cause Fear               Hex            2%         N/A       95%         4

Inventory:

Hand Weapons
 c - a +1 heavy sling (weapon)
Armour
 e - a +0 ring mail (worn)
 f - the +2 cloak of Qogaul (worn) {Rampage Str+4}
   (You found it on level 5 of the Dungeon)

   Str:       It affects your strength (+4).
   Rampage:   It bestows one free step when moving towards enemies.
Jewellery
 h - an amulet of reflection (around neck)
Scrolls
 b - a scroll of brand weapon
 k - a scroll of identify
Potions
 a - a potion of mutation
 d - 3 potions of curing
 g - a potion of heal wounds {unknown}
 i - a potion of lignification {unknown}
 l - a potion of resistance {unknown}

Dungeon Overview and Level Annotations

Branches:
Dungeon (5/15)
 Temple: D:4-7

Altars:
Uskayaw

Shops:
D:1 (   D:2 *


Message History

You finish putting on the +2 cloak of Qogaul {Rampage Str+4}.
You feel stronger.
You feel ready to rampage towards enemies.
3454 ||| DROPPING +0 cloak.
You drop a +0 cloak.
Done exploring.
(D) Dungeon
Where to? (* - list waypoints, Enter - D:5, ? - help)
What level of the Dungeon? (default 1, ? - help)
You climb downwards.
The worm bites you but does no damage.
There is a stone staircase leading up here.
You shoot a sling bullet. The sling bullet hits the worm.
The worm is moderately wounded.
The worm barely misses you. You furiously retaliate!
You headbutt the worm. You shoot a sling bullet.
The sling bullet hits the worm!
You kill the worm!
An ogre comes into view. It is wielding a +0 giant spiked club.
Found an escape hatch in the floor.
The ogre shouts!
Enter note:
Enter note:
Enter note:
Enter note: You shoot a sling bullet.
The sling bullet barely misses the ogre.
You shoot a sling bullet. The sling bullet hits the ogre.
The ogre is moderately wounded.
You shoot a sling bullet. The sling bullet hits the ogre!
The ogre is heavily wounded.
The ogre misses you.
You shoot a sling bullet. The sling bullet hits the ogre.
The ogre is severely wounded.
The ogre hits you with a +0 giant spiked club!
You shoot a sling bullet.
The sling bullet barely misses the ogre.
The ogre hits you with a +0 giant spiked club!!
Ouch! That really hurt!
You shoot a sling bullet.
The sling bullet barely misses the ogre.
The ogre hits you with a +0 giant spiked club!!
You die...

### ## #.> .. #.#
.# #.# #.# .# #.#
#.##.# #.#
#.#..######.###
#O#.##........
#@#.#...# #..#
#......#.##..#
#.#.#..##.#<>#
#..###.#.#.#.#####
#.#.#.............
#....#.#.#.#....##
###.#...........#
#.##.#.#.##...#
#.......<.##.##


You could see an ogre.

Vanquished Creatures
  A water moccasin (D:5)
  An ice beast (D:5)
  An ogre (D:5)
  A gnoll sergeant (D:5)
  A howler monkey (D:5)
  A hound (D:4)
  An orc priest (D:3)
  A jelly (D:3)
  2 sleepcaps
  2 iguanas (D:5)
  8 adders
  3 gnolls (D:5)
  4 worms
  3 dart slugs
  6 orcs
  8 ball pythons
  4 bats
  7 endoplasms
  4 giant cockroaches
  6 goblins
  8 hobgoblins
  6 kobolds
  3 quokkas
  3 frilled lizards
  A rat (D:1)
86 creatures vanquished.

Notes
Turn   | Place    | Note
-------+----------+-------------------------------------------
     0 | D:1      | qw the Minotaur Hexslinger began the quest for the Orb.
     0 | D:1      | Reached XP level 1. HP: 16/16 MP: 1/1
     0 | D:1      | 0 ||| qw: Version: 0.3-a-46-gb1f654a
     0 | D:1      | 0 ||| qw: Game counter: 2989
     0 | D:1      | 0 ||| qw: Melee chars always use a shield: true
     0 | D:1      | 0 ||| qw: God list: Okawaru
     0 | D:1      | 0 ||| qw: Allow faded altars: false
     0 | D:1      | 0 ||| qw: Do Orc after clearing Dungeon:15 true
     0 | D:1      | 0 ||| qw: Do second Lair branch before Depths: true
     0 | D:1      | 0 ||| qw: Lair rune preference: random
     0 | D:1      | 0 ||| qw: Goals: Normal
     0 | D:1      | 0 ||| PLANNING D:1-11
   118 | D:1      | Reached skill level 3 in Ranged Weapons
   118 | D:1      | Reached XP level 2. HP: 23/23 MP: 2/2
   427 | D:1      | Found Rustrauho's Antique Weapon Emporium.
   625 | D:1      | 625 ||| UPGRADING to amulet of reflection.
   630 | D:1      | 630 ||| READING scroll labelled ROEPOA TACVO.
   631 | D:1      | 631 ||| READING scroll labelled DIJUGA ECUJEPP.
   632 | D:1      | 632 ||| DROPPING scroll of poison.
   690 | D:2      | HP: 6/24 [adder (1)]
   694 | D:2      | Reached XP level 3. HP: 3/29 MP: 3/3
   703 | D:2      | 703 ||| FLEEEEING.
   704 | D:2      | 704 ||| FLEEEEING.
   721 | D:2      | 721 ||| FLEEEEING.
   722 | D:2      | 722 ||| FLEEEEING.
   723 | D:2      | 723 ||| FLEEEEING.
   733 | D:2      | 733 ||| STAIRDANCE
   803 | D:1      | 803 ||| UPGRADING to +0 leather armour.
   813 | D:1      | 813 ||| DROPPING +0 robe.
   922 | D:2      | Found Latar's General Store.
   925 | D:2      | 925 ||| SHOPLISTING +3 pair of gloves "Zamyumadgh" {rPois
                  | Int-5 Dex+2} (341 gold, have 35).
   950 | D:2      | Reached skill level 4 in Ranged Weapons
  1478 | D:2      | 1478 ||| READING 2 scrolls labelled FIMADI ILUSU.
  1479 | D:2      | 1479 ||| READING scroll labelled ITHRIA UMIUS.
  1482 | D:2      | 1482 ||| READING scroll labelled LOUSEOFOUR.
  1512 | D:3      | Reached skill level 5 in Ranged Weapons
  1512 | D:3      | Reached XP level 4. HP: 34/36 MP: 4/4
  1654 | D:3      | Reached skill level 3 in Fighting
  1715 | D:3      | Noticed a +0 short sword
  1716 | D:3      | Noticed a +0 spear
  1716 | D:3      | Noticed a +0 dagger
  1716 | D:3      | Noticed a +0 falchion
  1716 | D:3      | Noticed a +0 short sword
  1717 | D:3      | Noticed a +0 dagger
  1717 | D:3      | Noticed a +0 spear
  1717 | D:3      | Noticed a +0 falchion
  1720 | D:3      | 1720 ||| DROPPING amulet of regeneration.
  1721 | D:3      | 1721 ||| READING scroll labelled NUGASYN HINUA.
  1721 | D:3      | Found a hide-covered altar of Uskayaw.
  1726 | D:3      | Reached XP level 5. HP: 45/45 MP: 5/5
  2078 | D:3      | 2078 ||| UPGRADING to +0 ring mail.
  2088 | D:3      | 2088 ||| DROPPING +0 leather armour.
  2089 | D:3      | 2089 ||| DRINKING 3 fuming purple potions.
  2484 | D:4      | Reached skill level 6 in Ranged Weapons
  2668 | D:4      | Reached XP level 6. HP: 51/51 MP: 6/6
  2699 | D:4      | 2699 ||| UPGRADING to +0 cloak.
  2704 | D:4      | 2704 ||| READING scroll labelled VOPEUMANGY.
  2705 | D:4      | 2705 ||| DRINKING 2 golden potions.
  2706 | D:4      | 2706 ||| DRINKING 4 potions of curing.
  2706 | D:4      | 2706 ||| (to cure confusion)
  2707 | D:4      | 2707 ||| DRINKING 2 inky potions.
  2708 | D:4      | 2708 ||| READING 3 scrolls of identify.
  2708 | D:4      | 2708 ||| IDENTIFYING viscous blue potion
  2709 | D:4      | 2709 ||| READING 2 scrolls of identify.
  2709 | D:4      | 2709 ||| IDENTIFYING fizzy orange potion
  2710 | D:4      | 2710 ||| DROPPING potion of degeneration.
  2711 | D:4      | 2711 ||| DROPPING potion of ambrosia.
  2712 | D:4      | 2712 ||| DROPPING potion of brilliance.
  2725 | D:5      | Entered Level 5 of the Dungeon
  2734 | D:5      | Noticed an ice beast
  2738 | D:5      | 2738 ||| STAIRDANCE
  2738 | D:5      | Killed an ice beast
  2818 | D:5      | Identified the +2 cloak of Qogaul {Rampage Str+4}
  2875 | D:5      | Reached skill level 7 in Ranged Weapons
  3002 | D:5      | Reached XP level 7. HP: 53/59 MP: 7/7
  3082 | D:5      | HP: 14/59 [sleepcap (3)]
  3279 | D:5      | HP: 11/59 [ogre/+0 giant club (25)]
  3281 | D:5      | Reached skill level 8 in Ranged Weapons
  3281 | D:5      | 3281 ||| FLEEEEING.
  3282 | D:5      | 3282 ||| FLEEEEING.
  3283 | D:5      | 3283 ||| FLEEEEING.
  3284 | D:5      | 3284 ||| FLEEEEING.
  3286 | D:5      | 3286 ||| FLEEEEING.
  3287 | D:5      | 3287 ||| FLEEEEING.
  3288 | D:5      | 3288 ||| FLEEEEING.
  3289 | D:5      | 3289 ||| FLEEEEING.
  3290 | D:5      | 3290 ||| FLEEEEING.
  3292 | D:5      | 3292 ||| FLEEEEING.
  3293 | D:5      | 3293 ||| FLEEEEING.
  3294 | D:5      | 3294 ||| STAIRDANCE
  3444 | D:4      | 3444 ||| UPGRADING to +2 cloak of Qogaul {Rampage Str+4}.
  3454 | D:4      | 3454 ||| DROPPING +0 cloak.
  3474 | D:5      | HP: 14/59 [ogre/+0 giant spiked club (32)]
  3475 | D:5      | Slain by an ogre

Levels and vault maps discovered:
D:1:      zelgadis_glass_arrival_small, layout_basic, serial_shops, shop
D:2:      layout_basic, serial_shops, shop
D:3:      layout_basic, nicolae_uskayaw_en_pointe
D:4:      layout_basic, supply_closet_lemuel, dk_vineyard_3
D:5:      minmay_chambers_of_fours, layout_loops_ring,
          chequers_temple_overflow_statue_of_worship, hex_large,
          nicolae_kite_square_tiling_tiny, st_stairs_12

Skill      XL: |  1  2  3  4  5  6  7 |
---------------+----------------------+-----
Ranged Weapons | 3 5 6 7 8 |  8.3
Fighting       | 2 3 4 |  4.2
Armour         | 2 |  2.0
Dodging        | |  2.1
Spellcasting   | |  1.0
Hexes          | |  2.0

Action                     |  1- 3 |  4- 6 |  7- 9 || total
---------------------------+-------+-------+-------++-------
   Fire: Sling             |   113 |   108 |    29 ||   250
    Use: Scroll            |     5 |     4 |       ||     9
         Potion            |       |     4 |       ||     4
 Armour: Robe              |     4 |       |       ||     4
         Leather armour    |       |     5 |       ||     5
         Ring mail         |       |    14 |    10 ||    24
  Dodge: Dodged            |    33 |    29 |    14 ||    76
  Block: Other             |     9 |    18 |     1 ||    28
         Reflection        |       |     1 |       ||     1

Table legend:
 A = Non-vault XP
 B = Vault XP
 C = Vault XP percentage of total XP
 D = Non-vault monster count
 E = Vault monster count
 F = Vault count percentage of total count
                 A         B        C        D         E       F
            +---------+---------+-------+---------+---------+-------
      Total |     908 |     176 |  16.2 |      84 |       2 |   2.3
            +---------+---------+-------+---------+---------+-------
        D:1 |      38 |       0 |   0.0 |      20 |       0 |   0.0
        D:2 |      58 |       0 |   0.0 |      17 |       0 |   0.0
        D:3 |     159 |       0 |   0.0 |      21 |       0 |   0.0
        D:4 |     125 |       0 |   0.0 |      13 |       0 |   0.0
        D:5 |     528 |     176 |  25.0 |      13 |       2 |  13.3
            +---------+---------+-------+---------+---------+-------
